 Dungeon Crawl Stone Soup version 0.30.1 (webtiles) character file.

Game seed: 17922595201210757262

865 monsoonserge the Fighter (level 7, -5/69 HPs)
             Began as a Minotaur Fighter on July 7, 2023.
             Was a Believer of Makhleb.
             Slain by a troll (12 damage)
             ... on level 6 of the Dungeon.
             The game lasted 00:13:03 (4030 turns).

monsoonserge the Fighter (Minotaur Fighter)         Turns: 4030, Time: 00:13:05

Health: -5/69      AC: 19    Str: 23    XL:     7   Next: 72%
Magic:  8/8        EV:  4    Int:  5    God:    Makhleb [**....]
Gold:   145        SH: 11    Dex:  9    Spells: 6/6 levels left

rFire   + . .        y - +0 flail (protect)
rCold   . . .        o - +0 tower shield
rNeg    . . .        E - +0 plate armour
rPois   .            (helmet restricted)
rElec   .            C - scarf {repulsion}
rCorr   .            (no gloves)
SInv    .            (no boots)
Will    .....        (no amulet) Stlth
                     f - ring of protection from fire
HPRegen 0.31/turn    (no ring)
MPRegen 0.11/turn

%: repel missiles
@: under a protective aura, studying Fighting
A: horns 2, retaliatory headbutt
a: Renounce Religion, Minor Destruction


You were on level 6 of the Dungeon.
You worshipped Makhleb.
Makhleb was pleased with you.
You visited 1 branch of the dungeon, and saw 6 of its levels.

You collected 301 gold pieces.
You spent 156 gold pieces at shops.

Inventory:

Hand Weapons
 y - a +0 flail of protection (weapon)
 F - a +0 sling of flaming
Missiles
 i - 2 boomerangs (quivered)
 z - 4 javelins
Armour
 c - a +0 buckler
 o - a +0 tower shield (worn)
 C - a scarf of repulsion (worn)
 D - a +0 chain mail
 E - a +0 plate armour (worn)
Jewellery
 f - a ring of protection from fire (left hand)
Wands
 b - a wand of charming (4)
 u - a wand of quicksilver (7)
Scrolls
 e - 5 scrolls of identify {unknown}
 g - 5 scrolls of teleportation {unknown}
 h - 6 scrolls of poison {unknown}
 l - a scroll of enchant armour {unknown}
 m - a scroll of amnesia {unknown}
 n - a scroll of blinking {unknown}
 r - a scroll of fear {unknown}
 s - 3 scrolls of fog {unknown}
 v - 3 scrolls of magic mapping {unknown}
 x - a scroll of enchant weapon {unknown}
 B - a scroll of butterflies {unknown}
Potions
 a - 4 potions of heal wounds
 d - 4 potions of might
 j - 2 potions of cancellation {unknown}
 k - a potion of haste {unknown}
 p - a potion of invisibility {unknown}
 q - 2 potions of mutation {unknown}
 t - a potion of flight {unknown}
 w - a potion of curing {unknown}
 A - a potion of ambrosia {unknown}


   Skills:
 * Level 8.7 Fighting
 + Level 3.0(3.8) Axes
 + Level 3.5(4.1) Maces & Flails
 + Level 6.4 Armour
 - Level 1.0 Dodging
 - Level 4.0 Shields
 * Level 3.8 Invocations


You had 6 spell levels left.
You didn't know any spells.
Your spell library contained the following spells:

 Spells                   Type           Power      Damage    Failure   Level
 Ensorcelled Hibernation  Hex/Ice        0%         N/A       100%        2
 Passwall                 Tmut/Erth      0%         N/A       100%        2
 Swiftness                Air            0%         N/A       100%        3


Dungeon Overview and Level Annotations

Branches:
Dungeon (6/15)
 Temple: D:4-7

Altars:
Makhleb

Shops:
D:4 =   D:5 *


Innate Abilities, Weirdness & Mutations

You have a pair of horns on your head.
You reflexively headbutt those who attack you in melee.


Message History

You hit the troll but do no damage.
Your weapon exudes an aura of protection.
The troll is severely wounded.
The troll bites you. The troll barely misses you.
The troll claws you but does no damage.
Aiming: Minor Destruction (2% risk of failure)
Press: ? - help, Shift-Dir - straight line, f/p - troll
Aim: a troll (heavily wounded)
The puff of flame hits the troll.
The troll is severely wounded.
The troll bites you but does no damage. You block the troll's attack. x2
Aiming: Minor Destruction (2% risk of failure)
Press: ? - help, Shift-Dir - straight line, f/p - troll
Aim: a troll (severely wounded)
The puff of flame misses the troll.
You block the troll's attack. x3
Aiming: Minor Destruction (2% risk of failure)
Press: ? - help, Shift-Dir - straight line, f/p - troll
Aim: a troll (heavily wounded)
The puff of flame hits the troll.
The troll is severely wounded.
The troll bites you. The troll claws you!
* * * LOW HITPOINT WARNING * * *
The troll claws you.
* * * LOW HITPOINT WARNING * * *
You hit the troll but do no damage.
Your weapon exudes an aura of protection.
The troll is severely wounded.
You block the troll's attack.
The troll claws you but does no damage. x2
The troll bites you but does no damage.
The troll claws you but does no damage. x2
You sock the troll! You headbutt the troll.
The troll is almost dead.
The troll bites you but does no damage. You block the troll's attack.
The troll claws you but does no damage.
You hit the troll.
The troll is almost dead.
The troll bites you but does no damage. The troll claws you but does no damage.
The troll claws you.
* * * LOW HITPOINT WARNING * * *
The troll bites you!
You die...

#......... .#.
#..#.#.#.+#...
#.............
#..#.#.#.>..
#.....)..###..
#..#.#.#.....#
#........##...
#.#####T##
#....#####@#######
#........#.......#
#..#.#.#.........#
#........#......#
#.#.#.#.##......#
#.......##......#
#.#.#.#.##......#
#...)...........#
#......##########


You could see a troll.

Vanquished Creatures
  3 ogres
  A bullfrog (D:5)
  A gnoll sergeant (D:5)
  A jelly (D:4)
  7 hounds
  A sleepcap (D:6)
  An iguana (D:4)
  3 gnolls (D:5)
  8 adders
  2 white imps
  An ufetubus (D:4)
  A worm (D:2)
  4 dart slugs
  5 orcs
  10 ball pythons
  6 endoplasms
  A giant cockroach (D:4)
  6 goblins
  5 hobgoblins
  4 kobolds
  4 quokkas
  5 bats
  4 frilled lizards
  5 rats
89 creatures vanquished.

Notes
Turn   | Place    | Note
-------+----------+-------------------------------------------
     0 | D:1      | monsoonserge the Minotaur Fighter began the quest for the
                  | Orb.
     0 | D:1      | Reached XP level 1. HP: 19/19 MP: 0/0
   138 | D:1      | Reached XP level 2. HP: 26/27 MP: 1/1
   356 | D:1      | Reached skill level 4 in Fighting
   761 | D:2      | Reached XP level 3. HP: 33/33 MP: 2/2
   926 | D:2      | Found a faded altar of an unknown god.
   949 | D:2      | Prayed at the altar of an unknown god.
   949 | D:2      | Became a worshipper of Makhleb the Destroyer
   949 | D:2      | Reached * piety under Makhleb
  1028 | D:2      | Reached skill level 5 in Fighting
  1028 | D:2      | Reached XP level 4. HP: 37/42 MP: 3/3
  2021 | D:4      | Reached skill level 6 in Fighting
  2021 | D:4      | Reached skill level 5 in Armour
  2026 | D:4      | Reached XP level 5. HP: 50/50 MP: 4/4
  2059 | D:4      | Reached ** piety under Makhleb
  2419 | D:4      | Reached skill level 1 in Dodging
  2435 | D:4      | Noticed an ogre
  2439 | D:4      | Killed an ogre
  2440 | D:4      | Reached skill level 7 in Fighting
  2440 | D:4      | Reached skill level 1 in Invocations
  2440 | D:4      | Reached XP level 6. HP: 56/60 MP: 5/5
  2487 | D:4      | Found Ycuejui's One-of-a-Kind Rings.
  2741 | D:4      | Reached skill level 1 in Maces & Flails
  3021 | D:5      | Entered Level 5 of the Dungeon
  3092 | D:5      | Found Ympujink's Neck Hole.
  3106 | D:5      | Reached skill level 8 in Fighting
  3109 | D:5      | Bought a scarf of repulsion for 156 gold pieces
  3172 | D:5      | Reached XP level 7. HP: 62/68 MP: 7/7
  3997 | D:6      | Noticed a troll
  4022 | D:6      | HP: 1/69 [troll (11)]
  4030 | D:6      | Slain by a troll

Illustrated notes

Levels and vault maps discovered:
D:1:      dpeg_arrival_solitude, layout_basic
D:2:      layout_basic, ebering_ecumenical_altar_abandoned
D:3:      layout_basic
D:4:      layout_basic, nicolae_shop_unique_rings
D:5:      layout_basic, nicolae_shop_sticking_my_neck_out
D:6:      layout_basic, nicolae_qazlal_style_of_elements,
          nicolae_sif_muna_little_library, gammafunk_temple_overflow_claw,
          serial_glass, glass_columns_a, glass_columns_c, glass_columns_c,
          glass_columns_c, glass_columns_b, glass_columns_b, glass_columns_c,
          glass_columns_a, glass_columns_b, glass_columns_b, glass_columns_b,
          glass_columns_c, glass_columns_b, glass_columns_b,
          nicolae_nh_ransacked_shop

Skill      XL: |  1  2  3  4  5  6  7 |
---------------+----------------------+-----
Fighting       | 4 5 6 7 8 |  8.7
Armour         | 4 5 6 |  6.4
Axes           | 3 |  3.0
Shields        | 4 |  4.0
Dodging        | 1 |  1.0
Invocations    | 1 2 3 |  3.8
Maces & Flails | 2 3 |  3.5

Action                     |  1- 3 |  4- 6 |  7- 9 || total
---------------------------+-------+-------+-------++-------
  Melee: War axe           |    58 |    44 |       ||   102
         Headbutt          |     7 |    14 |    14 ||    35
         Flail             |       |    62 |    52 ||   114
 Invoke: Minor Destruction |       |    12 |    16 ||    28
    Use: Potion            |       |       |     1 ||     1
 Armour: Scale mail        |    34 |    47 |     2 ||    83
         Plate armour      |       |       |    59 ||    59
  Dodge: Dodged            |    33 |    35 |     5 ||    73
  Block: Buckler           |    18 |       |       ||    18
         Tower shield      |       |    63 |    46 ||   109
